 Dungeon Crawl Stone Soup version 0.24-a0-619-gb7544fd237 (webtiles) character file.

Game seed: 3909146745395525174, levelgen mode: deterministic

27 Arang the Scratcher (level 2, 0/12 HPs)
             Began as a Felid Transmuter on Sept 18, 2019.
             Slain by a hound (5 damage)
             ... on level 2 of the Dungeon.
             The game lasted 00:04:10 (1234 turns).

Arang the Scratcher (Felid Transmuter)              Turns: 1234, Time: 00:04:10

Health: 0/12       AC:  1    Str:  6    XL:     2   Next: 93%
Magic:  3/6        EV: 18    Int: 11    God:
Gold:   52         SH:  0    Dex: 16    Spells: 2/5 levels left
                                        Lives:  0   Deaths: 0

rFire    . . .     SeeInvis +     - Unarmed
rCold    . . .     Gourm    .   (shield unavailable)
rNeg     . . .     Faith    .   (armour unavailable)
rPois    .         Spirit   .   (helmet unavailable)
rElec    .         Reflect  .   (cloak unavailable)
rCorr    .         Harm     .   (gloves unavailable)
MR       .....                  (boots unavailable)
Stlth    ++........             (no amulet)
HPRegen  0.04/turn              e - ring of wizardry
MPRegen  0.10/turn              h - -3 ring of intelligence (curse)

@: appendage (expiring), quick
A: very small, no armour, no weapons or thrown items, stealth, claws 1, fangs 3,
horns 2, see invisible, carnivore, speed 1, shaggy fur 1, slow metabolism 1,
sharp paws
a: End Transformation


You were on level 2 of the Dungeon.
You were completely stuffed.
You had grown temporary horns.
You visited 1 branch of the dungeon, and saw 2 of its levels.

You collected 52 gold pieces.

Inventory:

Missiles
 a - 11 arrows
Jewellery
 e - a ring of wizardry (left paw)
 h - a cursed -3 ring of intelligence (right paw)
 i - an uncursed ring of protection from fire
 n - an uncursed ring of positive energy {unknown}
Scrolls
 f - a scroll of identify
 g - a scroll of teleportation {unknown}
 k - a scroll of remove curse {unknown}
Potions
 b - a potion of resistance {unknown}
 d - 2 potions of curing
 j - a potion of mutation {unknown}
 l - a potion of lignification {unknown}
Comestibles
 c - 7 rations
 m - 9 chunks of flesh


   Skills:
 + Level 1.0 Fighting
 + Level 2.9 Dodging
 + Level 1.1 Stealth
 + Level 3.6 Unarmed Combat
 + Level 2.1 Spellcasting
 + Level 2.5 Transmutations


You had 2 spell levels left.
You knew the following spells:

 Your Spells              Type           Power        Failure   Level  Hunger
a - Beastly Appendage     Tmut           #.....       4%          1    ##.....
b - Sticks to Snakes      Tmut           #.......     6%          2    ###....

Your spell library contained the following spells:

 Spells                   Type           Power        Failure   Level  Hunger
 Spider Form              Tmut/Pois      #.........   21%         3    ####...
 Ice Form                 Ice/Tmut       #.......     52%         4    #####..
 Blade Hands              Tmut           #.........   71%         5    ######.


Dungeon Overview and Level Annotations

Branches:
Dungeon (2/15)

Altars:
Makhleb

Annotations:
D:1 exclusion: downstairs


Innate Abilities, Weirdness & Mutations

You cannot wear armour.
You are incapable of wielding weapons or throwing items.
Your paws allow you to move quietly. (Stealth)
You have sharp claws.
You have razor-sharp teeth.
You have supernaturally acute eyesight. (SInv)
You are carnivorous and can eat meat at any time.
You cover ground quickly.
You are covered in fur. (AC +1)
You have a slow metabolism.
Your sharp claws are effective at attacking unaware monsters.
You have a pair of horns on your head.


Message History

Casting: Beastly Appendage (safe; 4% risk of failure)
Confirm with . or Enter, or press ? or * to list all spells.
You create a snake!
You now have 11 arrows.
The hound barks!
Your transformation is almost over.
You hear a shout!
The hound bites you.
You scratch the hound. You headbutt the hound.
The hound is moderately wounded.
The hound closely misses you.
You miss the hound.
The hound is moderately wounded.
The hound bites you.
Your ball python bites the hound.
Your ball python grabs the hound.
Your ball python constricts the hound.
The hound bites you.
You are too injured to fight recklessly!
You scratch the hound but do no damage. You bite the hound, but do no damage.
The hound is heavily wounded.
The hound bites you.
You die...

......#.##.#.......#
.÷÷.........###)...#
.<.#.........# ..#
#............# .
.......#.....###
.....#.........#
######.........####
#..........S.###.###
#######...h@........
#...##g####.#
#.....##.#
#∩_........
##..........
#...#.......#
######......#
#......? #.......#


You could see a hound, a goblin and a friendly ball python.

Vanquished Creatures
  2 bats (D:1)
  A giant cockroach (D:1)
  4 goblins (D:1)
  4 hobgoblins (D:1)
  3 jackals (D:1)
  A quokka (D:2)
  2 frilled lizards
  2 kobolds (D:1)
  4 rats
23 creatures vanquished.

Notes
Turn   | Place    | Note
-------+----------+-------------------------------------------
     0 | D:1      | Arang the Felid Transmuter began the quest for the Orb.
     0 | D:1      | Reached XP level 1. HP: 9/9 MP: 4/4
    15 | D:1      | Noticed an electric eel
   512 | D:1      | Reached skill level 1 in Stealth
   512 | D:1      | Reached XP level 2. HP: 11/12 MP: 4/6
   525 | D:1      | Learned a level 2 spell: Sticks to Snakes
  1224 | D:2      | Found a burning altar of Makhleb.
  1234 | D:2      | Slain by a hound

Levels and vault maps discovered:
D:1:      arrival_aquarium_a, layout_loops_ring
D:2:      layout_loops_cross, makhleb_heckhound_becter,
          gammafunk_temple_overflow_elements, first_ration,
          minmay_misc_feat_rows, nicolae_tso_swordbearing_angel

Skill      XL: |  1 |
---------------+----+-----
Stealth        | 1 |  1.1
Fighting       | |  1.0
Dodging        | |  2.9
Unarmed Combat | |  3.6
Spellcasting   | |  2.1
Transmutations | |  2.5

Action                   || total
-------------------------++-------
Melee: Unarmed           ||    66
       Headbutt          ||     7
       Bite              ||     4
 Cast: Beastly Appendage ||    14
       Sticks to Snakes  ||     1
  Use: Scroll            ||     1
 Stab: Distracted        ||     1
       Sleeping          ||     2
  Eat: Chunk             ||     8
Armor: Skin              ||     6
Dodge: Dodged            ||    55

Table legend:
 A = Non-vault XP
 B = Vault XP
 C = Vault XP percentage of total XP
 D = Non-vault monster count
 E = Vault monster count
 F = Vault count percentage of total count
                 A         B        C        D         E       F
            +---------+---------+-------+---------+---------+-------
      Total |      39 |       0 |   0.0 |      23 |       0 |   0.0
            +---------+---------+-------+---------+---------+-------
        D:1 |      35 |       0 |   0.0 |      20 |       0 |   0.0
        D:2 |       4 |       0 |   0.0 |       3 |       0 |   0.0
            +---------+---------+-------+---------+---------+-------
